 Dungeon Crawl Stone Soup version 0.23-a0-4-g8f018a2 (webtiles) character file.

253 galech the Chopper (level 5, -4/49 HPs)
             Began as a Deep Dwarf Fighter on July 31, 2018.
             Slain by an ogre
             ... wielding a +0 giant club
              (8 damage)
             ... on level 4 of the Dungeon.
             The game lasted 00:03:33 (1890 turns).

galech the Chopper (Deep Dwarf Fighter)             Turns: 1890, Time: 00:03:33

Health: -4/49      AC: 11    Str: 19    XL:     5   Next: 90%
Magic:  5/5        EV:  5    Int:  9    God:
Gold:   204        SH: 10    Dex: 13    Spells: 4/4 levels left

rFire    . . .     SeeInvis .   a - +0 war axe
rCold    . . .     Gourm    .   c - +0 shield
rNeg     . . .     Faith    .   h - +0 chain mail
rPois    .         Spirit   .   (no helmet)
rElec    .         Reflect  .   v - +0 cloak (curse)
rCorr    .         Harm     .   i - +0 pair of gloves
MR       .....                  (no boots)
Stlth    ..........             (no amulet)
HPRegen  0.00/turn              (no ring)
MPRegen  0.09/turn              (no ring)

@: non-regenerating
A: damage resistance, heal wounds, sense surroundings 1, no regeneration
a: Heal Wounds


You were on level 4 of the Dungeon.
You were hungry.

You visited 1 branch of the dungeon, and saw 4 of its levels.

You collected 204 gold pieces.

Inventory:

Hand Weapons
 a - a +0 war axe (weapon)
Armour
 b - a +0 scale mail
 c - a +0 shield (worn)
 h - a +0 chain mail (worn)
 i - a +0 pair of gloves (worn)
 v - a cursed +0 cloak (worn)
Jewellery
 u - an uncursed ring of ice
Scrolls
 j - 3 scrolls of teleportation {unknown}
 m - a scroll of amnesia {unknown}
 o - 2 scrolls of remove curse {unknown}
 p - a scroll of magic mapping {unknown}
 r - 5 scrolls of identify {unknown}
 t - a scroll of random uselessness {unknown}
Potions
 d - a potion of might
 e - 2 potions of haste {unknown}
 k - a potion of brilliance {unknown}
 l - 2 potions of curing {unknown}
 n - 2 potions of invisibility {unknown}
 q - a potion of agility {unknown}
 s - a potion of degeneration {unknown}
Comestibles
 f - 4 rations


   Skills:
 + Level 3.3 Fighting
 + Level 4.8 Axes
 + Level 4.1 Armour
 + Level 0.6 Dodging
 + Level 4.6 Shields


You had 4 spell levels left.
You didn't know any spells.
Your spell library was empty.

Dungeon Overview and Level Annotations

Branches:
Dungeon (4/15)
 Temple: D:4-7

Altars:
Ashenzari
Trog


Innate Abilities, Weirdness & Mutations

You are resistant to damage.
You can heal yourself by infusing magical energy.
You passively map a small area around you.
You do not regenerate.


Message History

You are too injured to fight recklessly!
You are too injured to fight recklessly!
You are too injured to fight recklessly!
You are too injured to fight recklessly!
You are too injured to fight recklessly!
You are too injured to fight recklessly!
You are too injured to fight recklessly!
You are too injured to fight recklessly!
You are too injured to fight recklessly!
You slash the ogre!
The ogre is heavily wounded.
The ogre barely misses you.
You hit the ogre.
The ogre is severely wounded.
The ogre hits you with a giant club!
* * * LOW HITPOINT WARNING * * *
You hit the ogre but do no damage.
The ogre is severely wounded.
The ogre hits you with a giant club!
You die...

, , * ###
* * #..,
, #.#* *
, #.#* *#
#.# .,
#O# .#
#@##.##.#
, *
#.......#
*
#)...####
#.#### *
#.# * #.#
* * * #.#
, #.# , *
* * ##.##
**


You could see an ogre.

Vanquished Creatures
  A hound (D:3)
  Jessica (D:2)
  A centaur skeleton (D:3)
  A hound skeleton (D:4)
  4 gnolls (D:2)
  5 adders
  A shadow imp (D:3)
  4 dart slugs
  3 leopard geckos
  2 orcs (D:3)
  2 ball pythons
  A giant cockroach (D:2)
  5 goblins
  8 hobgoblins
  A quokka (D:3)
  4 bats
  5 frilled lizards
  5 kobolds
  7 rats
61 creatures vanquished.

Notes
Turn   | Place    | Note
-------+----------+-------------------------------------------
     0 | D:1      | galech the Deep Dwarf Fighter began the quest for the Orb.
     0 | D:1      | Reached XP level 1. HP: 20/20 MP: 1/1
    87 | D:1      | Reached XP level 2. HP: 22/27 MP: 2/2
   781 | D:2      | Reached XP level 3. HP: 26/34 MP: 3/3
   810 | D:2      | Found a shattered altar of Ashenzari.
   879 | D:2      | Reached XP level 4. HP: 41/42 MP: 4/4
   936 | D:2      | Found a bloodstained altar of Trog.
  1160 | D:2      | Noticed Jessica
  1166 | D:2      | Killed Jessica
  1166 | D:2      | Reached XP level 5. HP: 35/49 MP: 5/5
  1882 | D:4      | Noticed an ogre
  1890 | D:4      | Slain by an ogre

Vault maps used:
D:1:      onia_arrival_mini_spirals
D:2:      ashenzari_altar_1, bloody_trog, uniq_jessica
D:3:      first_ration
D:4:      uniq_ijyb, uniq_pikel

Skill      XL: |  1  2  3  4  5 |
---------------+----------------+-----
Fighting       | 3 |  3.3
Axes           | 3 4 |  4.8
Shields        | 4 |  4.6
Armour         | 4 |  4.1
Dodging        | |  0.6

Action                   |  1- 3 |  4- 6 || total
-------------------------+-------+-------++-------
Melee: War axe           |    81 |   118 ||   199
 Abil: Heal Wounds       |     1 |       ||     1
  Eat: Chunk             |       |     3 ||     3
Armor: Chain mail        |    63 |    65 ||   128
       Scale mail        |     1 |       ||     1
Dodge: Dodged            |    19 |    28 ||    47
Block: Shield            |    51 |    68 ||   119

Table legend:
 A = Spawn XP
 B = Non-spawn XP
 C = Spawn XP percentage of total XP
 D = Spawn monster count
 E = Non-spawn monster count
 F = Spawn count percentage of total count
 G = Total turns spent on level
                    A         B        C        D         E        F      G
               +---------+---------+-------+---------+---------+-------+---------
         Total |       0 |     362 |   0.0 |       0 |      61 |   0.0 |  1890
               +---------+---------+-------+---------+---------+-------+---------
           D:1 |       0 |      33 |   0.0 |       0 |      16 |   0.0 |   758
           D:2 |       0 |     171 |   0.0 |       0 |      29 |   0.0 |   634
           D:3 |       0 |     138 |   0.0 |       0 |      15 |   0.0 |   417
           D:4 |       0 |      20 |   0.0 |       0 |       1 |   0.0 |    81
               +---------+---------+-------+---------+---------+-------+---------
